cohdb
Replays
Latest Replays
All Replays
Popular Replays
Top Player Replays
Match Explorer
How It Works
Community
CoH3 Stats
Reddit
Sign in to upload your games and track your stats! →
Sign in with Steam
Match 41137973
Unlisted
Match 41137973
Overview
Messages
Build Orders
End
Construct Section Command Post
Vickers Machine Gun Team
Infantry Section
Infantry Section
Infantry Section
Construct Field Infirmary
Selects Air and Sea Battlegroup
Selects Commando Section Paradrop
Commando Section Paradrop
Construct Platoon Command Post
Selects Supply Surplus
Selects M1 Pack Howitzer Paradrop
Unlock M3 Stuart Light Tanks
M3 Stuart Light Tank
M3 Stuart Light Tank
M3 Stuart Light Tank
Commando Section Paradrop
6-pounder Anti-tank Gun Team
Selects Incendiary Bombing Run
Incendiary Bombing Run
Construct Company Command Post
Selects UNKNOWN (223837)
Matilda II Heavy Tank
AI Takeover
『BlackBear』
nerf R.N.G
RayM@N
Amoonir
9magicfingers
Easyjunjie
0
0
Comments
sign in to comment!
No comments posted yet!